Map: Catalyst LE

Players

MaNa - Winner!

  • Race: Protoss Protoss
  • Spawn Location: 5:00

Snute

  • Race: Zerg Zerg
  • Spawn Location: 11:00

Event: WCS Austin 2018

VOD

Have the link to the VOD?

Description

Time

  • Played on: June 3, 2018, 1:51 p.m.
  • Length: 5:48

All games in this series

Show
View Real Time Build Order
Export as new Build Order

MaNa Protoss - Winner!

Build Orders:  

Get SALT Encoding   

  12  0:00  Probe  
  13  0:12  Probe  
  14  0:17  Pylon  
  14  0:24  Probe  
  15  0:32  Probe  
  15  0:40  Probe  
  15  0:41  Forge  
  17  0:52  Pylon  
  17  1:08  Pylon  
  17  1:14  Photon Cannon  
  17  1:19  Gateway  
  17  1:35  Photon Cannon  
  17  1:39  Assimilator, Probe  
  17  1:51  Probe  
  18  2:00  Zealot  
  18  2:03  Probe  
  21  2:09  Cybernetics Core  
  21  2:20  Photon Cannon  
  21  2:29  Photon Cannon  
  21  2:32  Probe  
  22  2:46  Shield Battery  
  22  2:50  Pylon  
  22  3:02  Robotics Facility  
  22  3:09  Assimilator  
  22  3:18  Adept  
  22  3:19  Photon Cannon  
  24  3:29  Probe  
  25  3:41  Probe  
  25  3:42  Immortal  
  30  3:58  Probe  
  31  4:07  Shield Battery  
  31  4:10  Probe  
  32  4:17  Immortal  
  32  4:30  Sentry  
  38  4:43  Photon Cannon  
  34  4:53  Shield Battery  
  34  5:00  Warp Prism  
  36  5:11  Photon Cannon  
  36  5:16  Sentry  
  38  5:24  Shield Battery  
Show
View Real Time Build Order
Export as new Build Order

Snute Zerg 

Build Orders: Hatch First, Zergling Baneling 

Get SALT Encoding   

  12  0:00  Drone  
  13  0:12  Overlord  
  13  0:17  Drone  
  14  0:30  Drone x2  
  16  0:49  Hatchery  
  15  0:51  Drone  
  15  0:55  Drone  
  17  0:59  Drone  
  17  1:02  Extractor  
  18  1:17  Spawning Pool  
  18  1:18  Drone  
  18  1:22  Drone  
  19  1:30  Drone  
  20  1:38  Drone  
  21  1:53  Extractor  
  20  2:03  Queen  
  20  2:04  Queen, Zergling x2  
  25  2:08  Zergling x2  
  25  2:14  Zergling x2  
  25  2:15  Zergling x2  
  28  2:19  Overlord  
  28  2:27  Overlord  
  28  2:50  Zergling x2  
  28  2:51  Zergling x4  
  31  2:53  Metabolic Boost  
  31  2:57  Drone x3  
  34  3:08  Zergling x2  
  35  3:13  Baneling Nest, Zergling x4  
  35  3:14  Zergling x2  
  37  3:21  Overlord  
  37  3:36  Zergling x2  
  38  3:44  Zergling x2  
  38  3:45  Zergling x2  
  40  3:51  Zergling x2  
  41  4:02  Baneling x5  
  41  4:05  Zergling x2  
  42  4:11  Baneling  
  42  4:13  Zergling x2  
  43  4:17  Zergling x6  
  43  4:20  Baneling  
  43  4:24  Hatchery, Zergling x2  
  45  4:27  Baneling  
  46  4:35  Baneling  
  46  4:40  Overlord  
  35  4:53  Zergling x2  
  35  4:54  Zergling x6  
  31  5:03  Zergling x2  
  28  5:14  Zergling x6  
  28  5:16  Baneling x4  
  28  5:17  Zergling x2  
  28  5:20  Baneling  
  32  5:27  Zergling x2  
  34  5:31  Hatchery  
  34  5:33  Baneling  
Tags
 
Add a new tag
Caveats
  • Supply blocks, unpowered buildings, or Contaminate may cause inaccurate times.
  • Supply counts are checked every 10 seconds.